 Dungeon Crawl Stone Soup version 0.22-a0-458-gb446440d2e (webtiles) character file.

318 Ireaine the Poker (level 6, -2/49 HPs)
             Began as a Merfolk Berserker on June 8, 2018.
             Was a Priest of Trog.
             Killed by nerve-wracking pain
             ... invoked by an orc priest
              (10 damage)
             ... on level 3 of the Dungeon.
             The game lasted 00:07:24 (2409 turns).

Ireaine the Poker (Merfolk Berserker)               Turns: 2409, Time: 00:07:24

Health: -2/49      AC: 10    Str: 17    XL:     6   Next: 45%
Magic:  6/6        EV:  9    Int:  6    God:    Trog [***...]
Gold:   91         SH:  0    Dex: 16    Spells: 5/5 levels left

rFire    . . .     SeeInvis +   e - +2 spear (vamp)
rCold    . . .     Gourm    .   (no shield)
rNeg     . . .     Faith    .   l - +0 chain mail
rPois    .         Spirit   .   g - +0 helmet
rElec    .         Reflect  .   (no cloak)
rCorr    .         Harm     .   (no gloves)
MR       .....                  (no boots)
Stlth    ..........             (no amulet)
HPRegen  0.16/turn              d - ring of see invisible
MPRegen  0.10/turn              (no ring)

@: no status effects
A: change form in water, swift swim, stealthy swim
a: Berserk, Trog's Hand, Renounce Religion


You were on level 3 of the Dungeon.
You worshipped Trog.
Trog was most pleased with you.
You were not hungry.

You visited 1 branch of the dungeon, and saw 3 of its levels.

You collected 91 gold pieces.

Inventory:

Hand Weapons
 a - a +0 spear
 e - a +2 vampiric spear (weapon)
Armour
 b - a +0 animal skin
 f - a +0 ring mail
 g - a +0 helmet (worn)
 l - a +0 chain mail (worn)
Jewellery
 d - a ring of see invisible (left hand)


   Skills:
 + Level 4.4 Fighting
 * Level 7.3 Polearms
 + Level 2.4 Armour
 + Level 4.5 Dodging


You had 5 spell levels left.
You didn't know any spells.
Your spell library was empty.

Dungeon Overview and Level Annotations

Branches:
Dungeon (3/15)

Altars:
Gozag
Nemelex Xobeh
Okawaru
Sif Muna


Message History

The bat hits you but does no damage.
The orc priest hits you but does no damage.
You hit the orc priest.
The orc priest is heavily wounded.
The bat hits you but does no damage.
The orc priest calls down the wrath of Beogh upon you.
Beogh smites you!
* * * LOW HITPOINT WARNING * * *
You barely miss the orc priest.
The orc priest is heavily wounded.
The bat barely misses you.
You hit the orc priest.
You feel better.
The orc priest is heavily wounded.
The orc priest hits you but does no damage.
You hit the orc priest.
The orc priest is severely wounded.
The bat hits you but does no damage. x2
The orc priest mumbles some strange prayers to Beogh against you.
Pain shoots through your body!
You die...

.# ..# ... #.##..#.
#.# ...... #$. .....#
#.### #...# #o@# #...#
#####b###...##
#8..#))......######
#_.(.)...........<#
#8..#.........#####..#
#####.#.....††.!.....#
#..[......##....##
..(........# ....#
####.......# ...##


You could see an orc priest and a bat.

Vanquished Creatures
  2 orc priests (D:3)
  A hound (D:3)
  An orc wizard (D:3)
  Natasha (thrice) (D:2)
  Robin (D:2)
  3 adders (D:2)
  A worm (D:3)
  4 dart slugs
  A leopard gecko (D:2)
  7 orcs (D:3)
  2 giant cockroaches
  15 goblins
  9 hobgoblins
  5 jackals (D:2)
  2 ball pythons (D:2)
  8 bats
  3 frilled lizards
  8 kobolds
  3 rats
79 creatures vanquished.

Notes
Turn   | Place    | Note
-------+----------+-------------------------------------------
     0 | D:1      | Ireaine the Merfolk Berserker began the quest for the Orb.
     0 | D:1      | Reached XP level 1. HP: 18/18 MP: 1/1
   406 | D:1      | Reached XP level 2. HP: 21/24 MP: 2/2
   942 | D:1      | Reached skill level 5 in Polearms
  1190 | D:2      | Reached XP level 3. HP: 29/29 MP: 3/3
  1228 | D:2      | Found a deep blue altar of Sif Muna.
  1328 | D:2      | Noticed Robin
  1331 | D:2      | Reached ** piety under Trog
  1350 | D:2      | Killed Robin
  1350 | D:2      | Reached XP level 4. HP: 37/37 MP: 4/4
  1593 | D:2      | Found an iron altar of Okawaru.
  1618 | D:2      | Noticed Natasha
  1626 | D:2      | Killed Natasha
  1626 | D:2      | Reached skill level 6 in Polearms
  1691 | D:2      | Noticed Natasha
  1702 | D:2      | Killed Natasha
  1702 | D:2      | Reached XP level 5. HP: 37/42 MP: 5/5
  1711 | D:2      | Found a sparkling altar of Nemelex Xobeh.
  1711 | D:2      | Found an opulent altar of Gozag.
  1774 | D:2      | Noticed Natasha
  1793 | D:2      | Killed Natasha
  2288 | D:3      | Reached *** piety under Trog
  2299 | D:3      | Reached skill level 7 in Polearms
  2299 | D:3      | Reached XP level 6. HP: 49/49 MP: 6/6
  2332 | D:3      | Found an opulent altar of Gozag.
  2409 | D:3      | Killed from afar by an orc priest

Vault maps used:
D:1:      minmay_arrival_hallway
D:2:      grunt_temple_overflow_opulence, okawaru_ov_weapons_minmay,
          nicolae_overflow_crystal_walls, st_stairs_6, uniq_natasha, uniq_robin
D:3:      lemuel_crystal_altar, nicolae_overflow_hidden_temple,
          makhleb_blood_cavern_becter, grunt_gozag_breadcrumbs, uniq_jessica

Skill      XL: |  1  2  3  4  5 |
---------------+----------------+-----
Dodging        | 3 4 |  4.5
Polearms       | 5 6 7 |  7.3
Armour         | 2 |  2.4
Fighting       | 4 |  4.4

Action                   |  1- 3 |  4- 6 || total
-------------------------+-------+-------++-------
Melee: Spear             |   130 |   177 ||   307
Invok: Berserk           |     1 |     1 ||     2
  Use: Scroll            |     2 |     4 ||     6
  Eat: Chunk             |     1 |     1 ||     2
       Ration            |       |     3 ||     3
Armor: Animal skin       |     1 |       ||     1
       Ring mail         |    22 |    21 ||    43
       Chain mail        |       |    23 ||    23
Dodge: Dodged            |    59 |    96 ||   155

Table legend:
 A = Spawn XP
 B = Non-spawn XP
 C = Spawn XP percentage of total XP
 D = Spawn monster count
 E = Non-spawn monster count
 F = Spawn count percentage of total count
 G = Total turns spent on level
                    A         B        C        D         E        F      G
               +---------+---------+-------+---------+---------+-------+---------
         Total |       0 |     455 |   0.0 |       0 |      79 |   0.0 |  2409
               +---------+---------+-------+---------+---------+-------+---------
           D:1 |       0 |      30 |   0.0 |       0 |      17 |   0.0 |  1156
           D:2 |       0 |     227 |   0.0 |       0 |      44 |   0.0 |  1115
           D:3 |       0 |     198 |   0.0 |       0 |      18 |   0.0 |   138
               +---------+---------+-------+---------+---------+-------+---------
